 Dungeon Crawl Stone Soup version 0.10-a0-2858-gbf1390a character file.

1391588 Elynae the Conqueror (level 26, 214/214 HPs)
             Began as a High Elf Fire Elementalist on Dec 20, 2011.
             Was the Champion of Ashenzari.
             Escaped with the Orb
             ... and 3 runes on Dec 21, 2011!
             The game lasted 05:22:33 (100586 turns).

Elynae the Conqueror (High Elf Fire Elementalist) Turns: 100586, Time: 05:22:33

HP 214/214       AC 13     Str 12      XL: 26   Next: 77%
MP  47/47        EV 32     Int 29      God: Ashenzari [******]
Gold 4510        SH 16     Dex 24      Spells: 15 memorised,  1 level left

Res.Fire  : + + +   See Invis. : +   w - staff of air (curse)
Res.Cold  : + + +   Warding    : . . J - +2 robe {rC+ rF+} (curse)
Life Prot.: . . .   Conserve   : .   s - +2 dwarf buckler (curse)
Res.Acid. : . . .   Res.Corr.  : .   I - +0 helmet of the Invisible Hand {rF++}
Res.Poison: +       Clarity    : +   e - +1 cloak "Throasubo" {+Blink rPois}
Res.Elec. : +       Spirit.Shd : .   l - +1 pair of orc gloves (curse)
Sust.Abil.: . .     Stasis     : .   x - +2 pair of orc boots (curse)
Res.Mut.  : .       Ctrl.Telep.: x   y - cursed amulet of the Monkey {Clar rElec rC Res.Rott. : . Levitation : . o - cursed ring of Hedonism {rC+ Str+4 Dex+3} Saprovore : . . . Ctrl.Flight: . c - cursed ring of regeneration

@: extraordinarily resistant to hostile enchantments, unstealthy
A: blink 1, AC +1, Str +1, Dex +1
a: Blink, Scrying, Transfer Knowledge, Renounce Religion, Evoke Blink
}: 3/15 runes: decaying, serpentine, silver


You escaped.
You worshipped Ashenzari.
Ashenzari was exalted by your worship.
You were not hungry.

You visited 9 branches of the dungeon, and saw 65 of its levels.
You visited 2 bazaars.
You visited 5 portal chambers: spiders nest, volcano, bailey, trove, ice_cave.

You collected 9790 gold pieces.
You spent 5300 gold pieces at shops.

Inventory:

Armour
 e - the cursed +1 cloak "Throasubo" (worn) {+Blink rPois}
   (You found it on level 1 of the Realm of Zot)

   It protects you from poison.
   It lets you blink.
   It has a curse placed upon it.
 l - a cursed +1 pair of orcish gloves (worn)
 s - a cursed +2 dwarven buckler (worn)
 x - a cursed +2 pair of orcish boots (worn)
 G - a +2 cloak of magic resistance
 I - the cursed +0 helmet of the Invisible Hand (worn) {rF++}
   (You found it in a treasure trove)

   It greatly protects you from fire.
   It has a curse placed upon it.
 J - a cursed +2 robe of resistance (worn)
Magical devices
 d - a wand of digging (4)
 u - a wand of teleportation (7)
 P - a wand of heal wounds (5)
Comestibles
 f - a royal jelly
 j - 7 bread rations
Scrolls
 b - a scroll of summoning
 g - a scroll of identify
 v - a scroll of silence
 B - a scroll of blinking
Jewellery
 c - a cursed ring of regeneration (left hand)
 k - an uncursed amulet of resist mutation
 o - the cursed ring of Hedonism (right hand) {rC+ Str+4 Dex+3}
   (You found it on level 5 of the Lair of Beasts)

   [ring of protection from cold]

   It affects your strength (+4).
   It affects your dexterity (+3).
   It has a curse placed upon it.
 y - the cursed amulet of the Monkey (around neck) {Clar rElec rC+ MR}
   (You found it on level 6 of the Dungeon)

   [amulet of clarity]

   It protects you from cold.
   It insulates you from electricity.
   It increases your resistance to enchantments.
   It has a curse placed upon it.
Potions
 a - a potion of resistance
 i - a potion of agility
 p - a potion of magic
 t - 8 potions of curing
 A - a potion of brilliance
 F - 2 potions of speed
Books
 q - a book of Wizardry

   Spells                             Type                      Level
   Summon Elemental                   Summoning                    4
   Agony                              Necromancy                   5
   Lightning Bolt                     Conjuration/Air              5
   *Fireball                          Conjuration/Fire             5
   *Haste                             Charms                       6
   Invisibility                       Hexes                        6
Magical staves
 w - a cursed staff of air (weapon)
Orbs of Power
 n - the Orb of Zot


   Skills:
 O Level 27 Fighting
 - Level 6.8 Short Blades
 - Level 7.1(10.2) Staves
 + Level 15.2(19.1) Dodging
 - Level 2.2(6.2) Stealth
 - Level 3.1(5.7) Shields
 - Level 10.2 Traps & Doors
 - Level 21.4 Spellcasting
 - Level 13.0(17.1) Conjurations
 - Level 8.8(13.2) Charms
 - Level 9.7(14.0) Translocations
 - Level 8.0(12.4) Fire Magic
 - Level 23.7(27) Air Magic
 - Level 2.6(8.0) Evocations


You had one spell level left.
You knew the following spells:

 Your Spells              Type           Power        Success   Level  Hunger
a - Bolt of Fire          Fire/Conj      ########..   Excellent   6    None
b - Animate Skeleton      Necr           N/A          Excellent   1    None
c - Chain Lightning       Air/Conj       #########.   Excellent   8    Honeycomb
d - Fireball              Fire/Conj      ########..   Excellent   5    None
e - Orb of Destruction    Conj           ########..   Excellent   7    Choko
f - Haste                 Chrm           ########.    Excellent   6    None
g - Apportation           Tloc           ########..   Perfect     1    None
h - Tornado               Air            #########.   Great       9    Honeycomb
i - Blink                 Tloc           N/A          Perfect     2    None
j - Repel Missiles        Air/Chrm       #########.   Perfect     2    None
k - Swiftness             Air/Chrm       #########.   Perfect     2    None
l - Flight                Air/Chrm       #########.   Perfect     3    None
m - Control Teleport      Chrm/Tloc      ########..   Excellent   4    None
n - Controlled Blink      Tloc           N/A          Excellent   7    Choko
o - Passwall              Erth/Trmt      ####......   Excellent   3    None

Dungeon Overview and Level Annotations

Branches:
Dungeon (27/27)            Temple (0/1) D:7             Orc (4/4) D:10
    Elf (0/5) Orc:3          Lair (8/8) D:9           Swamp (5/5) Lair:2
  Slime (0/6) Lair:7        Snake (5/5) Lair:3        Vault (8/8) D:16
  Blade (0/1) Vault:5       Crypt (2/5) Vault:3        Hell (1/1)
    Zot (5/5) D:27
   Tomb: Crypt:2-3      Dis: Hell:1         Geh: Hell:1         Coc: Hell:1
    Tar: Hell:1

Altars:
Ashenzari
Elyvilon
Kikubaaqudgha
Makhleb
Sif Muna
Trog
Xom
Zin

Shops:
D:13: [ D:15: ( Orc:4: //[% Snake:1: % Vault:2: + Vault:7: ?%? Vault:8: **

Portals:
Hell: D:17 D:21 D:22 D:23 D:24 D:25 D:26 D:27
Abyss: D:21 D:23 D:24 D:25 D:27
Pan: D:21 D:24 D:26 D:27

Annotations
D:2 exclusion: Crazy Yiuf, Crazy Yiuf
D:5 exclusion: crimson imp
Crypt:2 Wiglaf


Innate Abilities, Weirdness & Mutations

You are partially covered in thin metallic scales (AC +1).
You are agile (Dex +1).
You can translocate small distances at will.
Your muscles are strong (Str +1).


Message History

No target in view!
A blue devil comes into view.
The blue devil barely misses you.
You hit the blue devil but do no damage.
The blue devil is electrocuted!
The blue devil is severely wounded.
You hit the blue devil but do no damage.
You kill the blue devil!
No target in view!
No target in view!
There is a large open door here.
There is a large open door here.
A rat comes into view.
You hit the rat but do no damage.
You kill the rat!
No target in view!
There is an open door here.
There is a staircase leading out of the dungeon here.
Are you sure you want to win?
You have escaped!

∙∙∙∙∙∙∙∙∙∙∙∙)∙∙∙∙∙∙)∙∙∙∙∙∙∙∙∙∙∙▒
▒▒∙∙∙∙∙∙∙∙▒▒▒▒▒▒▒▒▒▒▒∙∙)∙)∙∙∙∙∙▒
▒∙∙∙∙∙▒▒∙▒ ▒∙∙∙∙∙∙∙∙∙∙▒▒
▒∙∙∙∙∙▒▒∙▒ ▒▒▒▒▒▒▒▒∙∙∙∙∙
▒∙∙∙∙∙▒▒∙▒ ▒▒▒▒▒▒▒▒▒▒▒▒▒▒▒▒∙∙∙∙▒
▒∙∙∙∙∙▒▒∙▒ ▒∙∙∙∙∙∙∙∙∙∙∙∙∙∙∙∙∙∙∙∙
▒▒∙∙∙∙∙▒▒∙▒ ▒∙≈≈≈≈≈≈≈≈≈▒▒▒▒▒≈≈≈≈≈
∙∙∙∙∙∙∙▒▒∙▒ ▒∙≈▒▒▒▒▒▒▒≈▒≈Ω≈▒≈▒▒▒▒
▒▒▒▒)▒▒▒▒∙▒ ▒∙≈▒@∙∙∙8▒▒▒▒8▒▒▒▒8∙∙
▒∙▒ ▒∙▒ ▒∙≈▒∙∙∙∙∙'∙∙∙∙∙∙∙▒∙∙∙ ▒∙▒
▒∙▒ ▒∙≈▒8∙∙∙8▒▒8▒'▒8▒▒8∙∙ ▒ ▒∙▒
▒∙▒ ▒∙≈▒▒▒'▒▒▒▒▒▒'▒▒▒▒▒▒' ▒
▒▒∙▒▒▒▒∙▒▒▒∙≈▒≈▒∙▒▒ΩΩ∙∙∙∙∙ΩΩ▒▒∙ ▒
▒∙∙∙∙∙∙∙∙∙∙∙≈ΩΩ8∙▒Ω≈∙∙∙∙∙∙∙≈Ω▒∙ ▒
▒∙∙∙∙∙∙∙∙∙∙∙≈▒≈▒∙8▒∙∙∙∙∙∙∙∙∙▒8∙
▒▒▒∙∙∙∙∙∙∙∙∙∙∙≈▒▒▒∙▒▒∙∙∙≈Ω≈∙∙∙▒▒∙


∙∙∙∙∙∙∙∙∙∙∙∙∙∙∙''∙∙''∙∙∙Ω8Ω∙∙∙''∙ There were no monsters in sight!

Vanquished Creatures
  An orb of fire (Zot:5)
  5 ancient liches (Zot:5)
  Boris (D:26)
  2 Killer Klowns (Zot:5)
  Geryon (Hell)
  4 golden dragons
  Xtahua (Crypt:2)
  Frederick (D:23)
  4 electric golems
  A pandemonium lord (D:6)
  20 Orb Guardians (Zot:5)
  4 liches (Vault:8)
  6 storm dragons
  A titan (Vault:8)
  10 shadow dragons
  Kirke (D:14)
  A ghost moth (Zot:5)
  2 sphinxes
  An Ice Fiend (Port)
  Agnes (D:20)
  Frances (Crypt:1)
  2 draconian monks (Zot:1)
  Aizul (Orc:4)
  2 ghouls (Crypt:2)
  5 bone dragons
  An iron dragon (Vault:8)
  6 frost giants
  3 draconian knights
  A draconian scorcher (Zot:1)
  Louise (D:16)
  Maud (Lair:7)
  An orc warlord (Orc:3)
  Gastronok (Lair:6)
  10 tentacled monstrosities
  A draconian shifter (Zot:1)
  7 fire giants
  27 stone giants
  8 greater nagas (Snake:5)
  6 grey draconians
  3 purple draconians
  A deep elf annihilator (D:27)
  Jozef (Lair:1)
  4 mottled draconians
  A white draconian (Zot:2)
  9 yellow draconians
  3 green draconians
  A deep elf sorcerer (Vault:8)
  A blizzard demon (Hell)
  4 red draconians
  2 black draconians
  7 pale draconians
  Snorg (D:16)
  39 yaktaur captains
  7 salamanders (Snake:5)
  24 vault guards (Vault:8)
  6 great orbs of eyes
  8 dragons
  9 ettins
  5 death cobs
  A golden dragon zombie (Crypt:1)
  A storm dragon skeleton (Zot:4)
  Erica (D:15)
  Josephine (Orc:1)
  3 ice dragons
  A lorocyproca (Hell)
  19 hydras
  14 ogre magi
  18 anacondas
  2 shadow dragon zombies
  2 alligators (Swamp:1)
  A fire giant zombie (D:26)
  36 deep trolls
  A deep elf high priest (D:27)
  2 frost giant zombies
  3 stone giant zombies
  A sphinx skeleton (Vault:4)
  6 hell hogs (Hell)
  5 very ugly things (Vault:7)
  13 centaur warriors
  Nergalle (Orc:3)
  An orc high priest (Vault:8)
  2 soul eaters (Hell)
  3 fire giant skeletons
  A frost giant skeleton (Vault:7)
  10 stone giant skeletons
  A catoblepas (Lair:3)
  An iron golem (D:21)
  6 sun demons
  Erolcha (D:10)
  23 skeletal warriors
  4 iron trolls
  A giant orange brain (shapeshifter) (D:25)
  A giant orange brain (Vault:5)
  3 deep elf knights
  18 hell knights
  10 ice devils
  2 unseen horrors
  11 naga warriors
  A purple draconian zombie (D:27)
  An ice statue (Zot:5)
  6 giant amoebae
  2 flayed ghosts
  2 large abominations
  Pikel (D:8)
  A lindwurm (Swamp:5)
  27 orc knights
  3 necromancers
  2 human skeletons
  A purple draconian skeleton (Crypt:1)
  20 hill giants
  A hydra zombie (Vault:2)
  3 iron troll skeletons
  4 red wasps
  2 grey draconian skeletons
  Urug (Orc:1)
  4 spiny worms
  A hydra skeleton (Vault:2)
  A griffon (shapeshifter) (D:27)
  5 red wasp zombies
  6 guardian serpents
  7 griffons
  An oklob plant (D:15)
  A sixfirhy (Orc:3)
  8 orc sorcerers
  2 fire crabs
  A wolf spider zombie (D:14)
  2 phantasmal warriors
  2 ice dragon zombies
  17 moths of wrath
  11 cyclopes
  An ettin zombie (D:18)
  38 black mambas
  2 griffon zombies
  An elephant slug (Lair:8)
  3 trapdoor spiders
  3 elephants (Lair:5)
  5 feature mimics
  An eye of devastation (D:18)
  2 dragon skeletons (D:15)
  2 slime creatures (shapeshifter)
  A trapdoor spider (shapeshifter) (Vault:8)
  3 tormentors
  4 wolf spiders
  An eye of devastation (shapeshifter) (D:25)
  8 rock trolls
  An ice dragon skeleton (Vault:1)
  A yaktaur (shapeshifter) (Vault:2)
  21 spiny frogs
  2 hill giant zombies
  2 spiny frogs (shapeshifter)
  139 slime creatures
  An emperor scorpion zombie (Crypt:2)
  3 hellwings
  50 yaktaurs
  22 naga magi
  2 hill giant skeletons
  4 komodo dragons
  4 smoke demons
  A troll (shapeshifter) (Vault:1)
  A wandering mushroom (D:9)
  2 redbacks
  91 ugly things
  3 rock troll zombies
  4 baby alligators (Swamp:1)
  A deep troll zombie (D:26)
  A redback (shapeshifter) (D:21)
  32 blink frogs
  A queen bee (Snake:4)
  A red draconian simulacrum (D:21)
  A deep dwarf artificer (D:8)
  A two-headed ogre (shapeshifter) (Vault:6)
  2 bog mummies
  2 human zombies (Hell)
  A queen bee (shapeshifter) (Vault:8)
  6 rock troll skeletons
  11 trolls
  2 deep troll skeletons
  5 redback zombies (D:22)
  4 giant fireflies (Lair:8)
  33 two-headed ogres
  4 blue devils
  2 hairy devils
  3 vampires
  3 basilisks
  A demonic crawler (Hell)
  A red wasp simulacrum (D:16)
  4 wyverns
  90 yaks
  6 sharks
  A yak (shapeshifter) (D:21)
  A ynoxinul (Orc:3)
  8 wraiths
  A merfolk skeleton (Crypt:1)
  2 chaos spawn
  12 hippogriffs
  Grum (D:10)
  3 steam dragons (Swamp:5)
  2 deep elf fighters
  An elf (shapeshifter) (D:18)
  2 rock worms (Lair:8)
  37 vampire mosquitoes
  A hill giant simulacrum (D:20)
  7 hungry ghosts
  4 fire drakes
  2 item mimics
  2 yaktaur zombies
  10 necrophages
  3 soldier ants
  Menkaure (D:5)
  6 small abominations
  A fire drake skeleton (Hell)
  An orange crystal statue (Zot:5)
  4 yaktaur skeletons
  17 hell hounds
  A cyclops zombie (Vault:5)
  21 insubstantial wisps
  7 red devils
  15 swamp worms
  9 freezing wraiths
  A mottled dragon (Swamp:5)
  12 war dogs
  A black bear (shapeshifter) (Vault:6)
  A rock troll simulacrum (Vault:5)
  2 manticores
  5 sky beasts
  78 ogres
  A queen bee zombie (D:22)
  A yellow wasp (D:15)
  15 giant goldfish
  8 ice beasts
  2 phantoms
  11 crocodiles
  81 nagas
  3 bumblebee zombies (D:22)
  61 orc warriors
  7 swamp drakes
  A grizzly bear zombie (Crypt:1)
  3 boring beetles
  32 centaurs
  2 wolves (Lair:1)
  3 big kobolds
  A rotting devil (Vault:8)
  9 giant slugs
  A polar bear skeleton (Crypt:1)
  8 wargs
  A yaktaur simulacrum (D:19)
  3 boring beetle zombies
  2 boulder beetle zombies
  6 giant leeches
  2 lava worms (Swamp:5)
  27 giant frogs
  14 agate snails
  A giant frog skeleton (Swamp:4)
  A brain worm (D:15)
  A basilisk skeleton (D:26)
  45 water moccasins
  4 troll simulacra (Port)
  3 boulder beetles
  5 polar bear simulacra (Port)
  23 electric eels
  An eye of draining (shapeshifter) (Vault:7)
  27 killer bees (Snake:4)
  20 wights
  15 lava snakes
  A centaur simulacrum (Port)
  8 jellyfish
  A pulsating lump (shapeshifter) (D:25)
  4 brain worm zombies
  4 crimson imps
  15 big fish
  2 big kobold zombies
  9 hounds
  5 shadows
  2 spiders (Port)
  3 big kobold skeletons
  24 orc priests
  2 quasits (D:17)
  4 eyes of draining
  2 hound skeletons
  3 scorpions
  20 worker ants
  An orange rat zombie (Hell)
  29 orc wizards
  A worker ant zombie (D:9)
  A deep elf soldier (D:27)
  An orange rat skeleton (Hell)
  9 porcupines
  31 sheep
  9 iguanas
  4 ogre simulacra (Port)
  A worm zombie (D:6)
  Ijyb (D:3)
  Jessica (D:2)
  6 boggarts
  A spectral orc (Orc:3)
  A jelly (shapeshifter) (D:20)
  4 jellies
  2 naga simulacra (Port)
  4 goliath beetle zombies
  A mummy (D:7)
  90 green rats
  An elf simulacrum (Port)
  A human (D:14)
  7 gnolls
  An iguana zombie (D:9)
  A lemure (D:19)
  4 orange rats
  2 shadow imps
  60 snakes
  3 giant mites
  An iguana skeleton (Crypt:1)
  A scorpion zombie (D:7)
  A snake skeleton (D:10)
  3 giant centipedes
  A porcupine zombie (Crypt:1)
  11 white imps (Port)
  A worm (shapeshifter) (Vault:8)
  4 draconian simulacra (Port)
  8 ufetubi
  11 worms
  3 giant eyeballs
  3 grey rats
  9 giant geckos
  6 oozes
  An ooze (shapeshifter) (Vault:8)
  193 orcs
  40 bats
  11 giant cockroaches
  20 hobgoblins
  17 jackals
  35 kobolds
  A quokka (shapeshifter) (Vault:3)
  3 small snakes
  10 giant newts
  A giant newt (shapeshifter) (D:27)
  A giant newt zombie (D:22)
  2 giant spores
  26 goblins
  2 hobgoblin skeletons
  A hobgoblin zombie (Orc:1)
  4 human simulacra (Port)
  A kobold skeleton (D:4)
  A kobold zombie (D:22)
  5 orc skeletons
  4 orc zombies
  8 quokkas
  26 rats
  2 rat zombies
  A small snake zombie (D:1)
  5 ballistomycetes (D:11)
  A butterfly (D:3)
  6 fungi
  8 plants
  111 toadstools
3045 creatures vanquished.

Vanquished Creatures (collateral kills)
  A shadow dragon (Vault:8)
  A tentacled monstrosity (Vault:8)
  A greater naga (Snake:5)
  A deep troll (D:26)
  A flayed ghost (Vault:8)
  2 moths of wrath
  A phantasmal warrior (Vault:8)
  3 slime creatures
  An ugly thing (Vault:7)
  A deep elf fighter (Vault:7)
  A hell hound (D:18)
  A necrophage (Crypt:2)
  An orc warrior (Vault:8)
  A rotting devil (D:15)
  A brain worm (Vault:4)
  An agate snail (Vault:8)
  An iguana (D:17)
  A worker ant (D:26)
  A boggart (Vault:2)
  A giant centipede (D:17)
  A snake (D:18)
  2 orcs
  A bat (Swamp:5)
  A giant cockroach (D:24)
  A goblin (D:18)
  A butterfly (D:27)
  7 toadstools
37 creatures vanquished.

Vanquished Creatures (others)
  Boris (D:20)
  A stone giant (Vault:8)
  An ettin (Vault:8)
  A spriggan skeleton (D:20)
  2 ball lightnings
  A centaur warrior (D:16)
  A frost giant skeleton (D:24)
  5 stone giant skeletons
  2 draconian skeletons (Zot:1)
  An elf skeleton (D:27)
  A red draconian skeleton (D:27)
  2 human skeletons
  A hell beast (Zot:5)
  16 slime creatures
  A black mamba (Snake:3)
  An ice dragon skeleton (Zot:1)
  3 dragon skeletons
  2 hill giant skeletons
  A naga mage (Snake:5)
  An ugly thing (D:22)
  A komodo dragon (shapeshifter) (D:14)
  4 deep troll skeletons
  2 ogre skeletons
  A yak (Vault:3)
  A wood golem (D:17)
  2 war dogs (Lair:7)
  A mottled dragon (Swamp:5)
  An orc warrior (Vault:4)
  14 yaktaur skeletons
  2 cyclops skeletons
  5 yak skeletons
  A centaur (D:17)
  2 troll skeletons (D:22)
  2 giant frogs
  5 centaur skeletons
  2 hounds
  An orc wizard (Vault:6)
  2 orange rats (Hell)
  2 sheep (Lair:8)
  A swamp drake skeleton (Swamp:5)
  A steam dragon skeleton (Swamp:5)
  An iguana zombie (D:22)
  A midge (D:20)
  7 orc skeletons
  5 snake skeletons
  A snake (Snake:5)
  A bat skeleton (Swamp:3)
  7 orcs
  A hobgoblin (D:27)
  3 jackals (Lair:1)
  2 giant gecko skeletons
  A goblin skeleton (D:22)
  A hobgoblin skeleton (D:23)
  A jackal skeleton (D:6)
  An orc zombie (D:8)
  A rat (D:6)
  4 eldritch tentacle segments (D:15)
  20 fungi
  26 plants
  446 toadstools
628 creatures vanquished.

Grand Total: 3710 creatures vanquished

Notes
Turn   | Place    | Note
--------------------------------------------------------------
     0 | D:1      | Elynae, the High Elf Fire Elementalist, began the quest for the Orb.
     0 | D:1      | Reached XP level 1. HP: 11/11 MP: 4/4
    10 | D:1      | Noticed a small snake zombie
    14 | D:1      | Noticed a rat zombie
   394 | D:1      | Reached XP level 2. HP: 12/17 MP: 1/5
   595 | D:1      | Learned a level 2 spell: Throw Flame
   623 | D:1      | Found a shimmering altar of Xom.
   623 | D:1      | Found a shimmering altar of Xom.
   624 | D:1      | Found a shimmering altar of Xom.
   624 | D:1      | Found a shimmering altar of Xom.
   624 | D:1      | Found a shimmering altar of Xom.
   636 | D:1      | Found a shimmering altar of Xom.
  1085 | D:1      | Reached skill level 4 in Conjurations
  1323 | D:2      | Reached XP level 3. HP: 21/21 MP: 6/8
  1543 | D:1      | Defeated a small snake zombie
  1545 | D:1      | Defeated a rat zombie
  2385 | D:2      | Noticed Jessica
  2387 | D:2      | Defeated Jessica
  2387 | D:2      | Reached XP level 4. HP: 27/27 MP: 10/13
  2713 | D:2      | Noticed Crazy Yiuf
  2770 | D:2      | Learned a level 4 spell: Sticky Flame
  2794 | D:3      | Noticed Ijyb
  2951 | D:3      | Defeated Ijyb
  3222 | D:3      | Reached XP level 5. HP: 24/31 MP: 9/15
  3358 | D:3      | Found a shattered altar of Ashenzari.
  3371 | D:3      | Became a worshipper of Ashenzari the Shackled
  3476 | D:3      | Found a white marble altar of Elyvilon.
  4061 | D:4      | Reached XP level 6. HP: 36/36 MP: 12/18
  4225 | D:4      | Reached skill level 5 in Conjurations
  4443 | D:4      | Learned a level 5 spell: Fireball
  4809 | D:5      | Entered Level 5 of the Dungeon
  4822 | D:5      | Reached skill level 5 in Dodging
  5162 | D:5      | Reached skill level 6 in Conjurations
  5162 | D:5      | Reached XP level 7. HP: 15/41 MP: 8/19
  5908 | D:5      | Noticed Menkaure
  5918 | D:5      | Defeated Menkaure
  6214 | D:6      | Got an uncursed steaming jade amulet
  6281 | D:6      | Identified the amulet of the Monkey (You found it on level 6 of the Dungeon)
  6478 | D:5      | Reached skill level 7 in Conjurations
  7001 | D:6      | Reached XP level 8. HP: 46/46 MP: 1/20
  7395 | D:6      | Reached skill level 8 in Conjurations
  7842 | D:7      | Found a staircase to the Ecumenical Temple.
  8147 | D:7      | Reached skill level 5 in Fire Magic
  8854 | D:8      | Gained mutation: Your muscles are strong (Str +1).
  8856 | D:8      | Gained mutation: You are agile (Dex +1).
  8856 | D:8      | Gained mutation: You can translocate small distances at will.
  8856 | D:8      | Gained mutation: You are partially covered in thin metallic scales (AC +1).
  8857 | D:8      | yesssss
  8951 | D:8      | Acquired Ashenzari's first power
  8970 | D:8      | Noticed Pikel
  9002 | D:8      | Defeated Pikel
  9002 | D:8      | Reached XP level 9. HP: 29/51 MP: 5/22
  9406 | D:8      | Found a deep blue altar of Sif Muna.
  9415 | D:8      | Found a white marble altar of Elyvilon.
  9818 | D:9      | Found a staircase to the Lair.
  9819 | D:9      | Noticed a wandering mushroom
  9834 | D:9      | Defeated a wandering mushroom
 10371 | D:9      | Paralysed by a giant eyeball for 3 turns
 10502 | Lair:1   | Entered Level 1 of the Lair of Beasts
 10512 | D:9      | Reached skill level 5 in Spellcasting
 10934 | Lair:1   | Noticed Jozef
 10945 | Lair:1   | Defeated Jozef
 10945 | Lair:1   | Reached skill level 9 in Dodging
 10945 | Lair:1   | Reached XP level 10. HP: 56/56 MP: 6/27
 11226 | Lair:1   | wellllllll
 11422 | Lair:2   | Reached skill level 10 in Dodging
 11647 | Lair:2   | Paralysed by a potion of paralysis for 2 turns
 11656 | Lair:2   | Found a staircase to the Swamp.
 12412 | Lair:2   | Found a crumbling entrance.
 12422 | Spider   | Entered a spider's nest
 12518 | Spider   | Reached skill level 10 in Conjurations
 13045 | Lair:2   | Reached skill level 11 in Dodging
 13049 | Lair:2   | Reached XP level 11. HP: 61/61 MP: 14/28
 13712 | Lair:3   | Found a staircase to the Snake Pit.
 14230 | Lair:3   | Acquired Ashenzari's second power
 14633 | Lair:3   | Reached skill level 12 in Conjurations
 15329 | Lair:4   | wow
 15338 | Lair:4   | Reached skill level 1 in Shields
 15718 | Lair:4   | Found a dark tunnel.
 15726 | Volcano  | Entered a volcano
 16259 | Lair:5   | Acquired Ashenzari's third power
 16563 | Lair:5   | Got a cursed faintly glowing marble ring
 16624 | Lair:5   | Found a burning altar of Makhleb.
 17123 | Lair:5   | Reached skill level 13 in Dodging
 18110 | Lair:6   | Reached XP level 12. HP: 66/66 MP: 8/30
 18128 | Lair:5   | Reached skill level 14 in Dodging
 18575 | Lair:6   | Noticed Gastronok
 18603 | Lair:6   | Defeated Gastronok
 18603 | Lair:6   | Reached skill level 15 in Dodging
 18792 | Lair:6   | Reached skill level 10 in Spellcasting
 18819 | Lair:7   | Noticed Maud
 20560 | Lair:7   | Identified the cursed ring of Hedonism (You found it on level 5 of the Lair of Beasts)
 20938 | Lair:7   | Reached skill level 1 in Short Blades
 21251 | Lair:7   | Defeated Maud
 21495 | Lair:7   | Learned a level 3 spell: Mephitic Cloud
 21584 | Lair:7   | Reached skill level 1 in Fighting
 21832 | Lair:7   | Found a staircase to the Slime Pits.
 21879 | Lair:7   | Learned a level 5 spell: Lightning Bolt
 22252 | Lair:8   | Entered Level 8 of the Lair of Beasts
 22535 | Lair:8   | Reached skill level 5 in Fighting
 23034 | Lair:8   | Reached XP level 13. HP: 42/81 MP: 8/33
 23749 | Lair:8   | Noticed a rock worm
 23809 | Lair:8   | Defeated a rock worm
 25806 | Lair:8   | Identified the +1,+3 halberd of Linearity
 26164 | Lair:8   | Noticed a spiny worm
 26171 | Lair:8   | Defeated a spiny worm
 26171 | Lair:8   | Reached skill level 15 in Spellcasting
 26174 | Lair:8   | Noticed a rock worm
 26178 | Lair:8   | Defeated a rock worm
 26178 | Lair:8   | Reached skill level 1 in Air Magic
 26233 | Lair:8   | Noticed a spiny worm
 26242 | Lair:8   | Noticed a rock worm
 26243 | Lair:8   | Noticed a spiny worm
 26244 | Lair:8   | Noticed a spiny worm
 26246 | Lair:8   | Defeated a spiny worm
 26250 | Lair:8   | Noticed a rock worm
 26340 | Lair:8   | Noticed a brain worm
 26465 | Lair:8   | Noticed a spiny worm
 26474 | Lair:8   | Defeated a spiny worm
 26753 | Snake:1  | Entered Level 1 of the Snake Pit
 26962 | Snake:1  | Found Xuyhu's Food Boutique.
 27112 | Snake:1  | Reached skill level 5 in Air Magic
 27141 | Snake:1  | Acquired Ashenzari's fourth power
 27793 | Snake:1  | Learned a level 1 spell: Apportation
 28753 | Snake:2  | Reached XP level 14. HP: 67/87 MP: 24/36
 29203 | Snake:2  | Learned a level 6 spell: Freezing Cloud
 29500 | Snake:3  | Reached skill level 10 in Air Magic
 29529 | Snake:3  | Found a flickering gateway to a bazaar. 29549
                  | bazaar
                  | Entered a bazaar 29549
                  | bazaar
                  | Found Klaemm's General Store. 29549
                  | bazaar
                  | Found Dana Rainuje's General Store. 29549
                  | bazaar
                  | Found Xerohur's Armour Shoppe. 29550
                  | bazaar
                  | Found Eddeox's Book Emporium. 29550
                  | bazaar
                  | Found Vishruj's Weapon Emporium. 29558
                  | bazaar
                  | Bought a book of Air for 315 gold pieces 29558
                  | bazaar
                  | Bought a book of the Warp for 810 gold pieces 29564
                  | bazaar
                  | Learned a level 2 spell: Blink 29567
                  | bazaar
                  | Learned a level 2 spell: Repel Missiles 29570
                  | bazaar
                  | Learned a level 2 spell: Swiftness 29574
                  | bazaar
                  | Learned a level 3 spell: Flight 29584
                  | bazaar
                  | Bought a +0 cloak of magic resistance for 58 gold pieces
 30090 | Snake:3  | Identified a scroll of acquirement
 33384 | Snake:5  | Entered Level 5 of the Snake Pit
 35107 | D:10     | Entered Level 10 of the Dungeon
 35430 | D:10     | Noticed Grum
 35434 | D:10     | Defeated Grum
 35493 | D:10     | Noticed Erolcha
 35497 | D:10     | Defeated Erolcha
 35585 | D:10     | Found a staircase to the Orcish Mines.
 36544 | Orc:1    | Entered Level 1 of the Orcish Mines
 36607 | Orc:1    | Noticed Urug
 36607 | Orc:1    | Noticed Josephine
 36621 | Orc:1    | Defeated Josephine
 36631 | Orc:1    | Defeated Urug
 37255 | Orc:3    | Reached skill level 15 in Air Magic
 37422 | Orc:3    | Noticed Nergalle
 37450 | Orc:3    | Defeated Nergalle
 37938 | Orc:4    | Entered Level 4 of the Orcish Mines
 37946 | Orc:4    | Noticed a two-headed ogre
 37957 | Orc:4    | Defeated a two-headed ogre
 37963 | Orc:4    | Noticed a two-headed ogre
 38092 | Orc:4    | Defeated a two-headed ogre
 38099 | Orc:4    | Noticed a two-headed ogre
 38112 | Orc:4    | Defeated a two-headed ogre
 38128 | Orc:4    | Noticed an ogre mage
 38138 | Orc:4    | Defeated an ogre mage
 38151 | Orc:4    | Noticed a two-headed ogre
 38152 | Orc:4    | Noticed a two-headed ogre
 38164 | Orc:3    | Defeated a two-headed ogre
 38277 | Orc:4    | Defeated a two-headed ogre
 38281 | Orc:4    | Noticed a two-headed ogre
 38287 | Orc:4    | Defeated a two-headed ogre
 38295 | Orc:4    | Noticed a two-headed ogre
 38310 | Orc:4    | Defeated a two-headed ogre
 38321 | Orc:4    | Noticed an ogre mage
 38326 | Orc:4    | Noticed a two-headed ogre
 38328 | Orc:4    | Defeated an ogre mage
 38330 | Orc:4    | Reached skill level 16 in Air Magic
 38336 | Orc:4    | Defeated a two-headed ogre
 38421 | Orc:4    | Noticed an ogre mage
 38432 | Orc:4    | Defeated an ogre mage
 38432 | Orc:4    | Reached XP level 15. HP: 92/92 MP: 11/37
 38447 | Orc:4    | Noticed an ogre mage
 38471 | Orc:4    | Noticed a two-headed ogre
 38477 | Orc:4    | Defeated a two-headed ogre
 38486 | Orc:4    | Found Cebrasm's Magical Wand Emporium.
 38486 | Orc:4    | Found Ocuaxti's Food Shop.
 38487 | Orc:4    | Found Thaec's Magical Wand Boutique.
 38487 | Orc:4    | Found Thriuch's Armour Emporium.
 38494 | Orc:4    | Defeated an ogre mage
 38495 | Orc:4    | Noticed a two-headed ogre
 38495 | Orc:4    | Noticed a two-headed ogre
 38496 | Orc:4    | Noticed a two-headed ogre
 38508 | Orc:4    | Defeated a two-headed ogre
 38509 | Orc:4    | Defeated a two-headed ogre
 38512 | Orc:4    | Defeated a two-headed ogre
 38701 | Orc:4    | Noticed a two-headed ogre
 38703 | Orc:4    | Defeated a two-headed ogre
 38763 | Orc:4    | Noticed a two-headed ogre
 38769 | Orc:4    | Defeated a two-headed ogre
 39195 | Orc:4    | Noticed Aizul
 39204 | Orc:4    | Defeated Aizul
 39395 | Orc:3    | Found a staircase to the Elven Halls.
 39395 | Orc:3    | Noticed an orc warlord
 39401 | Orc:3    | Reached skill level 17 in Air Magic
 39406 | Orc:3    | Defeated an orc warlord
 39412 | Orc:3    | Noticed a cyclops
 39556 | Orc:3    | Defeated a cyclops
 39773 | Orc:3    | Liam: g'night, I'd watch you but I'm just about to go to bed, Good luck
 39773 | Orc:3    | thanks, good night
 40155 | Lair:7   | Learned a level 9 spell: Tornado
 41088 | D:11     | Found a bloodstained altar of Trog.
 41475 | D:12     | Reached skill level 18 in Air Magic
 42379 | D:12     | Upgraded the game from 0.10-a0-2833-gf82d76d to 0.10-a0-2858-gbf1390a
 42885 | D:13     | Found Claahiaw's Armour Shop.
 43609 | D:14     | Found a flickering gateway to a bazaar. 43625
                  | bazaar
                  | Entered a bazaar 43627
                  | bazaar
                  | Found Kiyvirai's Food Boutique. 43630
                  | bazaar
                  | Found Evopuap's Book Boutique. 43631
                  | bazaar
                  | Found Gaujaosa's Assorted Antiques. 43631
                  | bazaar
                  | Found Wuling's Food Boutique. 43656
                  | bazaar
                  | Bought a book of Power for 675 gold pieces 43656
                  | bazaar
                  | Bought a book of Wizardry for 450 gold pieces
 43752 | D:14     | Noticed Kirke
 43756 | D:14     | Defeated Kirke
 43756 | D:14     | Reached skill level 19 in Air Magic
 44192 | D:14     | Found a flagged portal. 44202
                  | bailey
                  | Entered the bailey
 44516 | D:15     | Entered Level 15 of the Dungeon
 44834 | D:15     | Found Omefux's Antique Weapon Boutique.
 45005 | D:15     | Reached skill level 20 in Air Magic
 45148 | D:15     | Reached XP level 16. HP: 88/99 MP: 28/38
 45404 | D:15     | Noticed Erica
 45407 | D:15     | Defeated Erica
 46171 | D:16     | Noticed Louise
 46179 | D:16     | Defeated Louise
 46410 | D:16     | Found a staircase to the Vaults.
 46487 | D:16     | Noticed Snorg
 46495 | D:16     | Defeated Snorg
 46615 | D:16     | Reached skill level 21 in Air Magic
 47213 | Vault:1  | Entered Level 1 of the Vaults
 48516 | Vault:2  | Identified the +5 blowgun of the Extremes
 48737 | Vault:2  | Found Hoathro's Book Shop.
 49544 | Snake:1  | Learned a level 1 spell: Animate Skeleton
 49961 | Vault:2  | Reached skill level 1 in Evocations
 50087 | Vault:2  | Found a portal to a secret trove of treasure. 50632
                  | trove
                  | Entered a treasure trove 50638
                  | trove
                  | Identified the cursed +12,+16 plutonium sword 50638
                  | trove
                  | Identified the cursed +0 helmet of the Invisible Hand 50685
                  | trove
                  | ooops
 52232 | Vault:2  | Reached skill level 22 in Air Magic
 53569 | Vault:2  | Reached skill level 1 in Translocations
 53792 | Vault:3  | Reached skill level 1 in Charms
 53911 | Vault:3  | prooooo
 53915 | Vault:3  | Reached XP level 17. HP: 93/104 MP: 21/38
 54107 | Vault:3  | Found a white marble altar of Elyvilon.
 54441 | Vault:3  | Found a staircase to the Crypt.
 54735 | Vault:4  | Reached skill level 1 in Staves
 54738 | Vault:4  | Reached skill level 23 in Air Magic
 55351 | Crypt:1  | Entered Level 1 of the Crypt
 55387 | Crypt:1  | Identified the cursed -1 chain mail of the Lair of Beasts
 55505 | Crypt:1  | Noticed Frances
 55510 | Crypt:1  | Defeated Frances
 55514 | Crypt:1  | Your ally Frances died
 56253 | Crypt:2  | Noticed Xtahua
 56265 | Crypt:2  | Defeated Xtahua
 56279 | Crypt:2  | Noticed Wiglaf
 56681 | Lair:1   | Learned a level 4 spell: Control Teleport
 57784 | Vault:5  | Reached XP level 18. HP: 110/110 MP: 29/40
 58130 | Vault:5  | Found a staircase to the Hall of Blades.
 58589 | Vault:6  | Found a frozen archway.
 58602 | IceCv    | Entered an ice cave
 59337 | IceCv    | Identified the +3,+7 war axe of Unpleasantness
 59337 | IceCv    | Identified the ring "Praittec"
 59831 | Vault:6  | Reached skill level 5 in Translocations
 60293 | Vault:7  | Lawman0: go go go
 60295 | Vault:8  | Entered Level 8 of the Vaults
 60300 | Vault:8  | bring it on suckers
 60303 | Vault:8  | ha
 60304 | Vault:8  | Lawman0: lol
 60306 | Vault:8  | Reached XP level 19. HP: 106/116 MP: 14/42
 60383 | Vault:7  | Found Zunear Raof's Magic Scroll Shop.
 60927 | Lair:1   | Learned a level 7 spell: Controlled Blink
 62119 | Snake:1  | oops
 62415 | Snake:5  | Learned a level 6 spell: Bolt of Fire
 63861 | Snake:5  | erk
 65122 | Snake:1  | Bought a bread ration for 52 gold pieces
 65122 | Snake:1  | Bought a meat ration for 52 gold pieces
 65122 | Snake:1  | Bought a meat ration for 52 gold pieces
 65122 | Snake:1  | Bought a bread ration for 52 gold pieces
 65122 | Snake:1  | Bought a bread ration for 52 gold pieces
 65122 | Snake:1  | Bought a bread ration for 52 gold pieces
 66461 | Snake:5  | Got a serpentine rune of Zot
 66462 | Snake:5  | this is proooo
 67278 | Vault:7  | oho
 68175 | Vault:2  | Bought a book of Annihilations for 2070 gold pieces
 68186 | Vault:2  | Learned a level 8 spell: Chain Lightning
 68350 | Vault:7  | Found Jouciepa's Food Shoppe.
 68511 | Vault:7  | Reached XP level 20. HP: 122/122 MP: 4/44
 69157 | Vault:7  | Found Ylewi's Magic Scroll Shoppe.
 69159 | Vault:7  | Bought a scroll of holy word for 142 gold pieces
 69871 | Vault:8  | wtf
 70093 | Vault:8  | Noticed an iron dragon
 70101 | Vault:8  | Defeated an iron dragon
 70238 | Vault:8  | Identified the +4 scale mail "Blem"
 71069 | Vault:8  | Reached skill level 10 in Fighting
 71696 | Vault:8  | Found Utoclay's General Store.
 71710 | Vault:8  | Reached XP level 21. HP: 135/135 MP: 38/45
 71719 | Vault:8  | Bought a wand of teleportation (8) for 468 gold pieces
 71737 | Vault:8  | Found Duxt's General Store.
 71902 | Vault:8  | Reached XP level 20. HP: 131/131 MP: 35/44
 71907 | Vault:8  | Reached XP level 21. HP: 101/137 MP: 12/45
 72295 | Vault:8  | Reached XP level 20. HP: 132/132 MP: 35/44
 72916 | Vault:8  | Identified the +6 chain mail of Pnuhatt
 73230 | Vault:8  | Reached XP level 21. HP: 104/141 MP: 33/45
 73257 | Vault:8  | Noticed a deep elf sorcerer
 73639 | Vault:8  | Defeated a deep elf sorcerer
 73898 | Vault:8  | Got a silver rune of Zot
 74442 | Swamp:1  | Entered Level 1 of the Swamp
 75232 | Swamp:4  | Ragdoll: my muhu kicks more ass that this pathetic char
 75232 | Swamp:4  | shut up
 75233 | Swamp:4  | this char is the creme de la creme
 75267 | Swamp:5  | Entered Level 5 of the Swamp
 75268 | Swamp:5  | he just isn't showing it
 75276 | Swamp:5  | Ragdoll: b - the +9,+11 longbow of Eternal Night {god gift, flame, rElec
 75276 | Swamp:5  | yaaaaaaawn
 75276 | Swamp:5  | what you say now
 75288 | Swamp:5  | Ragdoll: :(
 75390 | Swamp:5  | Got a decaying rune of Zot
 75689 | D:11     | time to max my fighting
 76058 | D:17     | Reached skill level 15 in Fighting
 76127 | D:17     | thats how i roll
 76364 | D:17     | Found an ancient bone altar of Kikubaaqudgha.
 76627 | D:17     | kills dudes bette
 76627 | D:17     | r
 76956 | D:17     | Found a gateway to Hell.
 77202 | Hell     | Entered the Vestibule of Hell
 77202 | Hell     | Noticed Geryon
 77212 | Hell     | Defeated Geryon
 77529 | Hell     | i have 2 ways to kill you
 77529 | Hell     | and that is enough
 79151 | D:19     | Reached XP level 22. HP: 155/158 MP: 45/45
 79273 | D:19     | hm
 79273 | D:19     | Identified the cursed -5 ring mail "Opyrch" (You acquired it on level 19 of the Dungeon)
 79274 | D:19     | uhu
 79764 | D:20     | Entered Level 20 of the Dungeon
 80015 | D:20     | Noticed Boris
 80016 | D:20     | Identified the ring "Shaig"
 80023 | D:20     | Defeated Boris
 80153 | D:20     | Learned a level 7 spell: Orb of Destruction
 80155 | D:20     | Found a deep blue altar of Sif Muna.
 80345 | D:20     | Noticed Agnes
 80346 | D:20     | Defeated Agnes
 80376 | D:20     | Your ally Agnes died
 81035 | D:21     | Found a glowing silver altar of Zin.
 81292 | D:21     | Found a one-way gate leading to the halls of Pandemonium.
 81554 | D:21     | Found a one-way gate to the infinite horrors of the Abyss.
 81876 | D:22     | Identified the cursed -1,+0 glaive of Eternity
 82960 | D:23     | Noticed Frederick
 82962 | D:23     | Defeated Frederick
 84668 | D:25     | Entered Level 25 of the Dungeon
 84707 | D:25     | oops
 84715 | D:25     | Noticed a pulsating lump
 84715 | D:25     | a rock troll changed into a pulsating lump
 84716 | D:25     | Defeated a pulsating lump
 84996 | D:25     | Reached XP level 23. HP: 151/171 MP: 46/46
 85650 | D:26     | Noticed Boris
 85821 | D:26     | Defeated Boris
 86345 | D:26     | i just realised that staves:3.8
 86840 | D:27     | Entered Level 27 of the Dungeon
 87209 | D:27     | Noticed a bone dragon
 87234 | D:27     | Noticed a golden dragon
 87410 | D:27     | Noticed a bone dragon
 87435 | D:27     | Defeated a bone dragon
 88084 | D:27     | Defeated a golden dragon
 88167 | D:27     | Defeated a bone dragon
 88167 | D:27     | Reached XP level 24. HP: 130/186 MP: 7/46
 88375 | D:27     | Noticed a golden dragon
 88426 | D:27     | Defeated a golden dragon
 88556 | D:27     | Noticed a deep elf high priest
 88557 | D:27     | Defeated a deep elf high priest
 88575 | D:27     | Noticed a deep elf annihilator
 88587 | D:27     | Defeated a deep elf annihilator
 89150 | D:27     | wow
 89150 | D:27     | that was proooooo
 89383 | Zot:1    | Entered Level 1 of the Realm of Zot
 89582 | Zot:1    | Identified the ring "Stigat"
 89835 | Zot:1    | Identified the +1 cloak "Throasubo"
 90400 | Zot:1    | Identified a cloak of preservation (You took it off a draconian monk on level 1 of the Realm of Zot)
 90873 | Zot:1    | Learned a level 3 spell: Passwall
 90968 | Zot:1    | Reached skill level 24 in Fighting
 92364 | Zot:2    | Noticed an orb of fire
 92937 | Zot:4    | Reached skill level 25 in Fighting
 93288 | Zot:4    | Reached XP level 25. HP: 189/200 MP: 47/47
 93918 | D:17     | Learned a level 6 spell: Haste
 94552 | Zot:5    | Entered Level 5 of the Realm of Zot
 94885 | Zot:5    | Noticed an ancient lich
 94889 | Zot:5    | Defeated an ancient lich
 94941 | Zot:5    | Noticed an orb of fire
 94948 | Zot:5    | erk
 95171 | Zot:5    | Defeated an orb of fire
 95171 | Zot:5    | Reached skill level 26 in Fighting
 97027 | Zot:5    | Noticed an ancient lich
 97030 | Zot:5    | what
 97053 | Zot:5    | Defeated an ancient lich
 97903 | Zot:5    | Noticed an ancient lich
 97909 | Zot:5    | Defeated an ancient lich
 97909 | Zot:5    | Reached skill level 27 in Fighting
 97989 | Zot:5    | Noticed an ancient lich
 97993 | Zot:5    | Reached skill level 5 in Charms
 97996 | Zot:5    | Defeated an ancient lich
 97996 | Zot:5    | Reached XP level 26. HP: 203/214 MP: 13/47
 98073 | Zot:5    | Noticed an ancient lich
 98378 | Zot:4    | Reached skill level 5 in Staves
 98653 | Zot:5    | erk
 98658 | Zot:5    | Defeated an ancient lich
 98915 | Zot:5    | Reached skill level 5 in Traps & Doors
 99395 | Zot:5    | Got the Orb of Zot
 99545 | Zot:1    | relec++ :(
100149 | D:15     | Noticed Lyuropol the pandemonium lord
100150 | D:15     | Noticed a lich
100196 | D:15     | Noticed Esiamp the pandemonium lord
100196 | D:15     | Noticed an ancient lich
100414 | D:7      | Noticed Gucyurei the pandemonium lord
100421 | D:6      | Defeated Gucyurei the pandemonium lord
100421 | D:6      | Reached skill level 10 in Traps & Doors
100586 | D:$      | Escaped with the Orb!
